Map: King Sejong Station LE

Players

Trino - Winner!

  • Race: Zerg Zerg
  • League: Gold
  • Spawn Location: 5:00

Fropez

  • Race: Protoss Protoss
  • League: Gold
  • Spawn Location: 11:00

VOD

Have the link to the VOD?

Description

Time

  • Played on: Sept. 26, 2016, 11 a.m.
  • Length: 11:21
Show
View Real Time Build Order
Export as new Build Order

Trino Zerg - Winner!

Build Orders: Pool First, Lurkers 

Get SALT Encoding   

  12  0:19  Spawning Pool  
  11  0:24  Drone  
  11  0:26  Drone  
  13  0:31  Drone  
  14  0:41  Overlord  
  14  1:08  Zergling x6  
  17  1:18  Hatchery  
  16  1:22  Drone  
  17  1:26  Extractor  
  17  1:31  Drone  
  17  1:44  Drone  
  18  1:51  Queen  
  20  1:54  Drone  
  20  2:53  Roach Warren  
  20  2:54  Overlord  
  20  2:55  Overlord  
  20  2:57  Drone x2  
  20  2:58  Drone  
  20  3:08  Drone  
  20  3:10  Drone  
  22  3:23  Queen  
  24  3:30  Lair  
  28  3:34  Roach x3  
  28  3:37  Roach x3  
  36  3:53  Drone  
  37  4:13  Roach x3  
  43  4:24  Extractor  
  42  4:29  Drone x2  
  44  4:32  Overlord  
  44  4:51  Hydralisk Den  
  43  4:54  Roach x3  
  43  4:56  Drone x2  
  43  4:57  Drone  
  52  5:02  Overlord x2  
  52  5:24  Extractor  
  52  5:26  Drone x3  
  52  5:27  Drone x2  
  56  5:46  Hydralisk x4  
  56  5:47  Hydralisk x2  
  68  6:14  Overlord x2  
  68  6:38  Hydralisk x2  
  68  6:39  Hydralisk x4  
  78  6:43  Roach  
  82  6:48  Drone x2  
  82  6:50  Overlord x2  
  84  6:54  Extractor  
  81  7:15  Lurker Den  
  81  7:18  Drone x3  
  84  8:01  Pneumatized Carapace  
  84  8:03  Drone x6  
  90  8:25  Overlord x2  
  90  8:26  Overlord  
  90  8:29  Overlord  
  90  8:40  Overlord x2  
  90  8:51  Hydralisk x4  
  90  8:52  Hydralisk x2  
  102  8:55  Overseer  
  102  8:59  Overseer  
  102  9:02  Lurker x7  
  108  9:04  Lurker  
  110  9:22  Lurker  
  81  10:53  Hydralisk  
  81  10:54  Hydralisk x4  
  81  10:55  Roach x2  
  81  10:56  Roach x5  
Show
View Real Time Build Order
Export as new Build Order

Fropez Protoss 

Build Orders:  

Get SALT Encoding   

  12  0:01  Probe (Chrono Boost)  
  13  0:16  Pylon  
  13  0:18  Probe (Chrono Boost)  
  15  0:28  Probe (Chrono Boost)  
  15  0:29  Assimilator  
  15  0:43  Gateway  
  15  0:44  Probe (Chrono Boost)  
  16  0:54  Probe (Chrono Boost)  
  17  1:06  Probe (Chrono Boost)  
  17  1:09  Pylon  
  18  1:14  Assimilator  
  18  1:17  Probe (Chrono Boost)  
  19  1:30  Pylon  
  19  1:33  Probe (Chrono Boost)  
  19  1:35  Cybernetics Core  
  20  1:49  Gateway  
  20  1:50  Probe (Chrono Boost)  
  23  2:13  Adept (Chrono Boost)  
  23  2:15  Warp Gate (Chrono Boost)  
  23  2:17  Mothership Core (Chrono Boost)  
  25  2:30  Pylon  
  25  2:45  Pylon  
  25  2:59  Pylon  
  25  3:03  Adept, Probe (Chrono Boost)  
  28  3:07  Pylon  
  28  3:14  Probe (Chrono Boost)  
  29  3:24  Probe (Chrono Boost)  
  29  3:28  Adept  
  29  3:32  Adept  
  33  3:35  Probe  
  34  3:49  Probe  
  34  3:55  Nexus  
  35  4:19  Gateway x2  
  35  4:27  Pylon  
  35  4:28  Probe  
  36  4:40  Probe  
  37  4:45  Robotics Facility  
  37  4:48  Robotics Facility  
  37  4:52  Probe  
  38  5:04  Probe  
  39  5:08  Probe  
  39  5:12  Stalker x2  
  44  5:19  Stalker  
  46  5:27  Pylon  
  46  5:28  Probe  
  47  5:36  Probe  
  48  5:46  Assimilator, Immortal (Chrono Boost)  
  48  5:49  Assimilator  
  52  6:17  Pylon  
  52  6:24  Pylon  
  52  6:29  Immortal (Chrono Boost)  
  60  6:33  Probe, Immortal (Chrono Boost)  
  61  6:41  Probe  
  61  6:45  Probe  
  63  6:52  Probe  
  64  6:55  Forge  
  64  6:57  Probe  
  65  7:07  Warp Prism x2 (Chrono Boost)  
  69  7:17  Pylon  
  69  7:26  Pylon  
  69  7:30  Photon Cannon  
  67  7:37  Photon Cannon, Stalker x2  
  67  7:38  Stalker x2  
  67  7:41  Probe  
  67  7:42  Probe  
  77  7:52  Probe  
  77  7:54  Probe  
  79  8:02  Probe  
  80  8:08  Gateway, Protoss Ground Weapons Level 1 (Chrono Boost)  
  80  8:10  Gateway  
  80  8:13  Gateway  
  80  8:19  Twilight Council  
  80  8:28  Pylon  
  80  8:30  Pylon  
  80  8:31  Pylon  
  80  8:38  Immortal  
  84  8:46  Probe x2, Immortal  
  90  8:57  Probe  
  90  8:58  Probe  
  92  9:03  Blink (Chrono Boost)  
  92  9:08  Probe  
  93  9:20  Probe x2  
  95  9:27  Stalker x5  
  105  9:31  Pylon  
  97  9:50  Photon Cannon x2  
  93  9:52  Photon Cannon  
  87  10:02  Photon Cannon  
  87  10:06  Observer x2 (Chrono Boost)  
  81  10:27  Nexus  
  53  10:45  Stalker x2  
  53  10:46  Stalker x2  
Tags
 
Composition
Lurkers
League
GoldGold
Matchup
PvZ
Opening
Pool First
Replay Pack
All Mines
Spawn Locations
Cross Positions
Add a new tag
Caveats
  • Supply blocks, unpowered buildings, or Contaminate may cause inaccurate times.
  • Supply counts are checked every 10 seconds.